 Dungeon Crawl Stone Soup version 0.31-a0-188-g5e087ee2ca (webtiles) character file.

Game seed: 6559475734101254274

42 qw the Shooter (level 3, -3/20 HPs)
             Began as a Deep Elf Hunter on June 23, 2023.
             Slain by a worm (9 damage)
             ... on level 1 of the Dungeon.
             The game lasted 00:00:28 (658 turns).

qw the Shooter (Deep Elf Hunter)                     Turns: 658, Time: 00:00:29

Health: -3/20      AC:  6    Str: 10    XL:     3   Next: 33%
Magic:  5/5        EV: 11    Int: 13    God:
Gold:   41         SH:  0    Dex: 18    Spells: 2/2 levels left

rFire   . . .        Y - +0 shortbow
rCold   + . .        (shield currently unavailable)
rNeg    . . .        d - +1 ring mail {rC+}
rPois   .            (no helmet)
rElec   .            (no cloak)
rCorr   .            (no gloves)
SInv    .            (no boots)
Will    .....        (no amulet)
Stlth   +            (no ring)
HPRegen 0.23/turn    (no ring)
MPRegen 0.09/turn

%: no passive effects
@: no status effects
A: no striking features
a: no special abilities


You were on level 1 of the Dungeon.
You visited 1 branch of the dungeon, and saw 2 of its levels.

You collected 41 gold pieces.


   Skills:
 - Level 1.5 Fighting
 + Level 6.9 Ranged Weapons
 - Level 2.4 Dodging
 - Level 1.2 Stealth


You had 2 spell levels left.
You didn't know any spells.
Your spell library was empty.

Inventory:

Hand Weapons
 Y - a +0 shortbow (weapon)
Armour
 d - a +1 ring mail of cold resistance (worn)
Scrolls
 e - a scroll of identify
Potions
 a - a potion of curing {unknown}
 b - a potion of brilliance {unknown}
 g - a potion of ambrosia {unknown}

Dungeon Overview and Level Annotations

Branches:
Dungeon (2/15)

Altars:


Message History

You climb upwards.
There is a stone staircase leading down here.
You shoot an arrow. The arrow hits the worm.
The worm is moderately wounded.
The worm closely misses you.
You shoot an arrow.
The arrow hits the worm but does no damage.
The worm is lightly wounded.
The worm bites you but does no damage.
You shoot an arrow. The arrow hits the worm.
The worm is lightly wounded.
The worm bites you.
You shoot an arrow. The arrow barely misses the worm.
You shoot an arrow. The arrow barely misses the worm.
The worm bites you but does no damage.
You shoot an arrow. The arrow hits the worm!
The worm is heavily wounded.
The worm closely misses you.
You shoot an arrow. The arrow hits the worm.
The worm is heavily wounded.
You shoot an arrow.
The arrow hits the worm but does no damage.
The worm is heavily wounded.
The worm bites you.
You shoot an arrow. The arrow hits the worm.
The worm is severely wounded.
The worm bites you but does no damage.
You shoot an arrow. The arrow hits the worm.
The worm is severely wounded.
You shoot an arrow. The arrow hits the worm.
The worm is severely wounded.
The worm bites you.
You shoot an arrow. The arrow hits the worm.
The worm is severely wounded.
The worm bites you.
You shoot an arrow. The arrow barely misses the worm.
You shoot an arrow. The arrow hits the worm.
The worm is almost dead.
The worm bites you!
You die...

###############
########################
#.........############## #
#.........####...#...### ##
#.........###.........## #.
#.........##..........># #.
#.........##...w.......# #.
#..........#..(@!......# #.
#.....................## #.
#..........#.....#...### #.
##..........#...###.##### ####
.........##...#..##.##### ###...
.........###..##..#.########.....
.........###...##....#####.......
.........###.#.####....##...#....
.........# #.#.#.%............%..


You could see a worm.

Vanquished Creatures
  2 dart slugs
  5 bats
  3 endoplasms
  A giant cockroach (D:1)
  5 goblins
  3 hobgoblins
  2 jackals (D:1)
  4 kobolds
  4 quokkas
29 creatures vanquished.

Notes
Turn   | Place    | Note
-------+----------+-------------------------------------------
     0 | D:1      | qw the Deep Elf Hunter began the quest for the Orb.
     0 | D:1      | Reached XP level 1. HP: 12/12 MP: 3/3
     0 | D:1      | 0 ||| qw: Version: 0.3-a-9-g12657ce
     0 | D:1      | 0 ||| qw: Game counter: 4250
     0 | D:1      | 0 ||| qw: Always use a shield: true
     0 | D:1      | 0 ||| qw: God list: Okawaru
     0 | D:1      | 0 ||| qw: Allow faded altars: false
     0 | D:1      | 0 ||| qw: Do Orc after D:15 true
     0 | D:1      | 0 ||| qw: Do second Lair branch before Depths: true
     0 | D:1      | 0 ||| qw: Lair rune preference: random
     0 | D:1      | 0 ||| qw: Plans: Normal
     0 | D:1      | 0 ||| PLANNING D:1-11
     0 | D:1      | 0 ||| DROPPING scroll of butterflies.
   131 | D:1      | Reached XP level 2. HP: 16/16 MP: 4/4
   135 | D:1      | Reached skill level 6 in Ranged Weapons
   146 | D:1      | 146 ||| READING scroll labelled ZAGGEAR CIGG.
   147 | D:1      | 147 ||| READING scroll labelled XOFIRUERAU.
   267 | D:2      | 267 ||| READING scroll labelled WIDALY ETZY.
   270 | D:2      | 270 ||| READING scroll labelled NILUUNKUHEN.
   275 | D:2      | 275 ||| FLEEEEING.
   276 | D:2      | 276 ||| FLEEEEING.
   277 | D:2      | 277 ||| STAIRDANCE
   288 | D:1      | Reached XP level 3. HP: 19/20 MP: 5/5
   323 | D:1      | 323 ||| FLEEEEING.
   324 | D:1      | 324 ||| FLEEEEING.
   325 | D:1      | 325 ||| FLEEEEING.
   551 | D:1      | 551 ||| UPGRADING to +1 ring mail of cold resistance.
   561 | D:1      | 561 ||| DROPPING +0 leather armour.
   562 | D:1      | 562 ||| READING scroll labelled RUIDELURCHA.
   563 | D:1      | 563 ||| READING scroll labelled CYJITS PUHU.
   564 | D:1      | 564 ||| DRINKING 2 smoky clear potions.
   565 | D:1      | 565 ||| DROPPING potion of magic.
   567 | D:1      | 567 ||| Stepping ~*~*~tactically~*~*~ (cloud).
   575 | D:1      | HP: 5/20 [poisoned by you (poison gas)]
   643 | D:2      | 643 ||| STAIRDANCE
   656 | D:1      | HP: 5/20 [worm (4)]
   658 | D:1      | Slain by a worm

Levels and vault maps discovered:
D:1:      nicolae_arrival_escape_room, layout_rooms
D:2:      layout_loops_cross

Skill      XL: |  1  2 |
---------------+-------+-----
Ranged Weapons | 6 |  6.9
Fighting       | |  1.5
Dodging        | |  2.4
Stealth        | |  1.2

Action                     || total
---------------------------++-------
   Fire: Shortbow          ||   103
    Use: Scroll            ||     6
         Potion            ||     1
 Armour: Leather armour    ||    36
         Ring mail         ||     3
  Dodge: Dodged            ||    50

Table legend:
 A = Non-vault XP
 B = Vault XP
 C = Vault XP percentage of total XP
 D = Non-vault monster count
 E = Vault monster count
 F = Vault count percentage of total count
                 A         B        C        D         E       F
            +---------+---------+-------+---------+---------+-------
      Total |      60 |       0 |   0.0 |      29 |       0 |   0.0
            +---------+---------+-------+---------+---------+-------
        D:1 |      44 |       0 |   0.0 |      22 |       0 |   0.0
        D:2 |      16 |       0 |   0.0 |       7 |       0 |   0.0
            +---------+---------+-------+---------+---------+-------
